 Dungeon Crawl Stone Soup version 0.29-a0-857-g9b1aa3ac5b (webtiles) character file.

Game seed: 12857413966044177553

210 jimonade the Shooter (level 5, -4/30 HPs)
             Began as a Deep Elf Hunter on July 16, 2022.
             Succumbed to a scorpion's poison
             ... on level 4 of the Dungeon.
             The game lasted 00:04:15 (2721 turns).

jimonade the Shooter (Deep Elf Hunter)              Turns: 2721, Time: 00:04:16

Health: -4/30      AC:  3    Str:  8    XL:     5   Next: 57%
Magic:  11/11      EV: 12    Int: 16    God:
Gold:   261        SH:  0    Dex: 18    Spells: 10/10 levels left

rFire   . . .      SeeInvis +   a - +0 shortbow
rCold   . . .      Faith    .   (shield currently unavailable)
rNeg    . . .      Spirit   .   c - +0 leather armour
rPois   .          Reflect  .   (no helmet)
rElec   .          Harm     .   (no cloak)
rCorr   .          Rampage  .   (no gloves)
Will    .....                   (no boots)
Stlth   ++........              (no amulet)
HPRegen 0.10/turn               m - ring of see invisible
MPRegen 0.12/turn               (no ring)

@: lethally poisoned (-4 -> -34), studying Long Blades
A: no striking features
a: no special abilities


You were on level 4 of the Dungeon.
You visited 1 branch of the dungeon, and saw 4 of its levels.

You collected 261 gold pieces.

Inventory:

Hand Weapons
 a - a +0 shortbow (weapon)
 h - a +0 whip
 r - a +1 vampiric dagger
 v - a +2 short sword of protection
 y - a +1 dagger of protection
Armour
 c - a +0 leather armour (worn)
 o - a +0 robe
 z - a +0 robe
Magical Staves
 x - a staff of cold
Jewellery
 k - a +6 ring of dexterity
 l - a ring of ice
 m - a ring of see invisible (left hand)
 q - a ring of resist corrosion
Wands
 u - a wand of polymorph (13)
Scrolls
 b - a scroll of immolation
 d - a scroll of enchant armour {unknown}
 e - 5 scrolls of teleportation {unknown}
 f - 3 scrolls of identify {unknown}
 i - a scroll of amnesia {unknown}
 n - 2 scrolls of noise {unknown}
Potions
 g - 2 potions of lignification {unknown}
 j - a potion of haste
 p - a potion of curing {unknown}
 s - a potion of magic {unknown}
 t - a potion of heal wounds {unknown}
 w - a potion of might {unknown}
 A - a potion of berserk rage {unknown}
 B - a potion of attraction {unknown}


   Skills:
 + Level 2.2 Fighting
 + Level 7.5 Ranged Weapons
 + Level 1.0 Armour
 + Level 2.7 Dodging
 - Level 1.2 Stealth
 * Level 3.1 Spellcasting


You had 10 spell levels left.
You didn't know any spells.
Your spell library was empty.

Dungeon Overview and Level Annotations

Branches:
Dungeon (4/15)
 Temple: D:4-7

Altars:
Ashenzari
Cheibriados
Trog

Annotations:
D:4 1 transporter, flotson's ghost, weakling DsDe


Message History

You shoot an arrow.
The arrow hits the scorpion but does no damage.
The scorpion is lightly wounded.
The scorpion barely misses you. The scorpion stings you.
You are poisoned.
The scorpion poisons you!
You shoot an arrow. The arrow closely misses the scorpion.
You feel very sick. The scorpion misses you.
You shoot an arrow. The arrow hits the scorpion.
The scorpion is moderately wounded.
You feel very sick.
The scorpion stings you but does no damage.
You shoot an arrow.
The arrow hits the scorpion but does no damage.
The scorpion is moderately wounded.
You feel sick. The scorpion stings you.
You are lethally poisoned!
The scorpion poisons you! The scorpion barely misses you.
You are too injured to fight recklessly!
You are too injured to fight recklessly!
You are too injured to fight recklessly!
You are too injured to fight recklessly!
You are too injured to fight recklessly!
Fire: a) +0 shortbow
Press: ? - help, Q - select action, (/) - cycle Shift-Dir - straight line, f/p - scorpion
Aim: a scorpion (moderately wounded, 65% to hit)
You shoot an arrow. The arrow hits the scorpion.
The scorpion is heavily wounded.
* * * LOW HITPOINT WARNING * * *
You feel very sick. The scorpion stings you.
* * * LOW HITPOINT WARNING * * *
You are more poisoned.
The scorpion poisons you!
Fire: a) +0 shortbow
Press: ? - help, Q - select action, (/) - cycle Shift-Dir - straight line, f/p - scorpion
Aim: a scorpion (heavily wounded, 65% to hit)
You shoot an arrow. The arrow barely misses the scorpion.
You die...

#. ##.## #.$..
##...#
#####...##
....#....
..#.#..!#######
#.O#..@s......
#.W#...#####..
..#$#©...
...?#.....
..#.#©.....
##..#...#.##
#..#......
.#.#...#.##


You could see an ogre, a scorpion and flotson's ghost.

Vanquished Creatures
  3 orc wizards
  5 adders
  3 worms
  A dart slug (D:3)
  10 orcs
  6 ball pythons
  9 endoplasms
  3 giant cockroaches
  4 goblins
  5 hobgoblins
  A quokka (D:1)
  6 bats
  3 frilled lizards (D:1)
  8 kobolds
  8 rats
75 creatures vanquished.

Vanquished Creatures (others)
  A wizard (D:3)
1 creature vanquished.

Grand Total: 76 creatures vanquished

Notes
Turn   | Place    | Note
-------+----------+-------------------------------------------
     0 | D:1      | jimonade the Deep Elf Hunter began the quest for the Orb.
     0 | D:1      | Reached XP level 1. HP: 12/12 MP: 3/3
   166 | D:1      | Reached skill level 1 in Spellcasting
   187 | D:1      | Reached XP level 2. HP: 16/16 MP: 5/5
   198 | D:1      | Found a faded altar of an unknown god.
   437 | D:1      | Reached skill level 6 in Ranged Weapons
   695 | D:2      | Reached XP level 3. HP: 18/20 MP: 7/7
  1129 | D:2      | Found a snail-covered altar of Cheibriados.
  1357 | D:3      | Reached XP level 4. HP: 26/26 MP: 9/9
  1411 | D:3      | Reached skill level 7 in Ranged Weapons
  1425 | D:3      | HP: 1/26 [orc wizard/puff of flame (13)]
  1759 | D:3      | Reached XP level 5. HP: 30/30 MP: 11/11
  2366 | D:3      | Reached skill level 1 in Armour
  2564 | D:3      | Found a bloodstained altar of Trog.
  2565 | D:3      | Noticed a wizard
  2571 | D:3      | Killed a wizard
  2652 | D:3      | Found a broken altar of Ashenzari.
  2711 | D:4      | Noticed flotson's ghost (weakling DsDe)
  2711 | D:4      | Found a transporter.
  2712 | D:4      | Identified the +7 dire flail "Vevinill" {flame, rF- Will+
                  | Int+6 Dex+3}
  2712 | D:4      | Noticed an ogre
  2721 | D:4      | Succumbed to a scorpion's poison

Illustrated notes

Levels and vault maps discovered:
D:1:      erik_arrival_orb_chamber, layout_loops_cross,
          ebering_ecumenical_altar_petrified,
          amcnicky_mini_rare_corridor_liquid, ebering_dispersal_statue_hall
D:2:      layout_loops_ring, basic_altar
D:3:      layout_rooms, trog_wizard, amcnicky_altar_gilded
D:4:      layout_loops_cross, minmay_temple_entry_gardened_gates,
          gammafunk_ghost_smash

Skill      XL: |  1  2  3  4  5 |
---------------+----------------+-----
Spellcasting   | 1 2 3 |  3.1
Ranged Weapons | 6 7 |  7.5
Fighting       | 2 |  2.2
Armour         | 1 |  1.0
Dodging        | |  2.7
Stealth        | |  1.2

Action                   |  1- 3 |  4- 6 || total
-------------------------+-------+-------++-------
 Fire: Shortbow          |   115 |   100 ||   215
Armor: Leather armour    |    11 |    11 ||    22
Dodge: Dodged            |    16 |    39 ||    55

Table legend: (Time is in decaauts)
 A = Elapsed time spent in this place.
 B = Non-inter-level travel time spent in this place.
 C = Inter-level travel time spent in this place.
 D = Time resting spent in this place.
 E = Time spent auto-exploring this place.
 F = Levels seen in this place.
 G = Mean time per level.
                   A        B        C        D        E       F      G
               +--------+--------+--------+--------+--------+-----+--------+
         Total |   2771 |   2719 |     52 |    772 |   1458 |   4 |  692.8 |
       Dungeon |   2771 |   2719 |     52 |    772 |   1458 |   4 |  692.8 |
               +--------+--------+--------+--------+--------+-----+--------+

Top non-repeatable levels by time:
     D:2: 1426 daAuts
     D:1: 679 daAuts
     D:3: 654 daAuts
     D:4: 11 daAuts
